AoeStats
← | ArCas | Toruk Makto

Lombardia

508331114Analyzed
4v4 RM · 9d ago on Sep 22, 2026· 98m 32s· 8 players
Game mode
Random Map
Map size
Large (8 player)
Population
200
Speed
Normal
Resources
Standard
Victory
Conquest
Starting age
Dark Age
Ending age
Imperial Age
RankedLock teamsTeams togetherTeam positionsShared explorationLock speedFull tech treeHidden civsTurbo modeCheats
Victory
Defeat
🇨🇱 Khmer · Chile
1331
+15
🇺🇸 Mongols · United States
1316
+16
🇦🇷 Berbers · Argentina
1302
+16
🇬🇷 Franks · Greece
1286
+17
🇮🇪 Persians · Ireland
1340
-17
🇺🇸 Muisca · United States
1338
-18
🇦🇷 Magyars · Argentina
1318
-16
🇦🇷 Tatars · Argentina
1245
-13
WingsRegained
7:12 Loom
9:27 Feudal Age
10:37 Double-Bit Axe
17:27 Castle Age
15:34 Horse Collar
16:08 Stone Mining
16:20 Gold Mining
17:33 Fletching
19:35 Wheelbarrow
21:02 Bodkin Arrow
21:36 Bow Saw
21:51 Town Watch
22:21 Padded Archer Armor
23:16 Heavy Plow
27:34 Ballistics
28:54 Hand Cart
29:31 Leather Archer Armor
32:22 Gold Shaft Mining
32:23 Stone Shaft Mining
32:08 Husbandry
36:44 Imperial Age
35:08 Town Patrol
36:25 Fortified Wall
36:29 Masonry
37:46 Conscription
36:49 Elite Mangudai
37:31 Bracer
38:40 Chemistry
40:42 Hoardings
40:26 Caravan
41:14 Bloodlines
44:12 Murder Holes
46:42 Thumb Ring
47:04 Parthian Tactics
50:59 Drill
52:34 Siege Engineers
54:21 Onager
55:53 Heavy Scorpion
56:56 Capped Ram
58:25 Siege Ram
Papiz96
10:52 Feudal Age
15:24 Castle Age
13:41 Double-Bit Axe
15:49 Loom
23:12 Wheelbarrow
23:22 Gold Mining
23:52 Husbandry
23:59 Town Watch
25:02 Scale Barding Armor
25:17 Hand Cart
26:31 Bow Saw
31:35 Imperial Age
30:18 Chain Barding Armor
30:08 Forging
31:00 Gold Shaft Mining
30:35 Stone Mining
31:55 Cavalier
32:41 Chivalry
33:27 Plate Barding Armor
33:40 Paladin
35:46 Conscription
36:15 Iron Casting
37:36 Chemistry
39:45 Pikeman
40:26 Squires
42:51 Blast Furnace
41:40 Halberdier
43:24 Scale Mail Armor
46:52 Caravan
51:43 Chain Mail Armor
51:26 Light Cavalry
55:41 Plate Mail Armor
67:27 Siege Engineers
67:33 Masonry
| ArCas | Toruk Makto
6:25 Loom
8:53 Feudal Age
9:28 Double-Bit Axe
9:50 Horse Collar
17:07 Town Watch
19:26 Castle Age
18:02 Wheelbarrow
17:47 Forging
17:43 Scale Barding Armor
18:17 Bloodlines
19:30 Gold Mining
20:52 Iron Casting
20:44 Husbandry
23:56 Chain Barding Armor
23:53 Husbandry
24:08 Light Cavalry
28:46 Bow Saw
31:40 Fletching
34:27 Imperial Age
31:55 Stone Mining
32:44 Town Watch
34:05 Gold Shaft Mining
33:38 Heavy Plow
34:29 Town Patrol
34:44 Hand Cart
35:47 Stone Shaft Mining
35:06 Cavalier
37:10 Blast Furnace
36:06 Bodkin Arrow
36:46 Plate Barding Armor
37:05 Ballistics
37:46 Chemistry
36:41 Murder Holes
37:38 Conscription
37:28 Kasbah
38:24 Maghrebi Camels
38:57 Bracer
38:58 Padded Archer Armor
40:54 Caravan
41:25 Coinage
41:14 Masonry
41:39 Leather Archer Armor
42:05 Crop Rotation
44:07 Ring Archer Armor
45:53 Capped Ram
49:05 Light Cavalry
50:46 Hussar
56:01 Hoardings
55:55 Elite Skirmisher
69:48 Pikeman
70:29 Squires
74:10 Scale Mail Armor
73:58 Arson
86:51 Heavy Camel Rider
90:08 Chain Mail Armor
94:53 Guard Tower
98:28 Spies/Treason
-DOKO-
11:04 Feudal Age
12:17 Double-Bit Axe
15:02 Loom
21:09 Castle Age
21:15 Gold Mining
21:41 Bloodlines
21:38 Scale Barding Armor
24:42 Gold Shaft Mining
24:52 Forging
24:26 Horse Collar
26:25 Town Watch
29:10 Chain Barding Armor
31:02 Wheelbarrow
36:00 Imperial Age
33:39 Fletching
36:28 Bow Saw
37:17 Conscription
36:59 Double Crossbow
37:41 Heavy Scorpion
42:18 Siege Engineers
44:17 Cavalier
44:58 Husbandry
45:35 Plate Barding Armor
45:36 Iron Casting
45:51 Coinage
45:27 Caravan
47:01 Heavy Plow
47:14 Light Cavalry
48:35 Iron Casting
47:44 Capped Ram
50:15 Murder Holes
50:32 Masonry
51:28 Siege Ram
55:01 Banking
59:35 Hussar
60:29 Bodkin Arrow
61:35 Blast Furnace
64:12 Bracer
77:20 Padded Archer Armor
79:27 Hand Cart
87:59 Scale Mail Armor
Dusk_
11:25 Feudal Age
11:52 Loom
11:55 Double-Bit Axe
13:44 Horse Collar
17:31 Town Watch
20:34 Castle Age
18:40 Gold Mining
18:41 Stone Mining
21:53 Heavy Plow
22:06 Bow Saw
22:56 Wheelbarrow
23:02 Gold Shaft Mining
23:02 Stone Shaft Mining
25:49 Heavy Plow
26:40 Scale Mail Armor
28:16 Chain Mail Armor
28:57 Squires
34:40 Imperial Age
34:23 Forging
35:00 Masonry
34:46 Elite Temple Guard
36:02 Plate Mail Armor
36:07 Iron Casting
35:55 Conscription
40:47 Champi Runner
42:32 Ballistics
43:12 Chemistry
42:03 Champi Warrior
42:50 Herbalism
42:31 Onager
42:34 Capped Ram
42:57 Elite Champi Warrior
44:18 Fletching
44:29 Padded Archer Armor
44:04 Elite Guecha Warrior
46:09 Bodkin Arrow
46:30 Leather Archer Armor
46:49 Bracer
54:46 Siege Onager
66:46 Crop Rotation
67:16 Two-Man Saw
67:13 Hand Cart
67:37 Stone Shaft Mining
76:56 Treadmill Crane
77:40 Elite Skirmisher
EweRwoRld
0:42 Loom
11:24 Feudal Age
15:15 Castle Age
14:09 Double-Bit Axe
14:20 Horse Collar
26:44 Bow Saw
28:28 Wheelbarrow
29:41 Heavy Plow
31:52 Gold Mining
31:52 Stone Mining
32:20 Caravan
35:23 Imperial Age
33:44 Gold Shaft Mining
34:13 Hand Cart
33:43 Town Watch
34:12 Forging
34:08 Scale Barding Armor
33:55 Fletching
34:05 Scale Mail Armor
34:49 Town Patrol
35:45 Iron Casting
36:25 Conscription
37:17 Kamandaran
39:37 Chain Barding Armor
40:39 Elite War Elephant
42:49 Crop Rotation
42:56 Stone Shaft Mining
43:23 Two-Man Saw
43:44 Blast Furnace
43:20 Plate Barding Armor
42:42 Bodkin Arrow
44:27 Hoardings
44:42 Scale Mail Armor
44:43 Padded Archer Armor
52:38 Chain Mail Armor
52:38 Leather Archer Armor
53:52 Chemistry
52:49 Murder Holes
53:04 Masonry
56:58 Plate Mail Armor
56:58 Ring Archer Armor
57:01 Architecture
57:00 Ballistics
59:53 Citadels
60:08 Husbandry
60:56 Bloodlines
60:07 Light Cavalry
60:55 Hussar
66:36 Coinage
69:08 Guilds
72:07 Banking
74:59 Capped Ram
77:47 Cavalier
79:32 Savar
Lechugamer
8:36 Loom
11:03 Feudal Age
14:55 Castle Age
15:14 Fletching
16:18 Double-Bit Axe
24:47 Bodkin Arrow
27:44 Ballistics
29:44 Wheelbarrow
28:51 Horse Collar
29:22 Bow Saw
34:20 Fortified Wall
36:46 Imperial Age
34:36 Padded Archer Armor
34:48 Silk Armor
35:21 Husbandry
35:54 Gold Mining
37:39 Hand Cart
38:03 Gold Shaft Mining
37:28 Heavy Plow
37:01 Heavy Cavalry Archer
38:22 Bracer
39:26 Chemistry
42:18 Leather Archer Armor
42:26 Conscription
44:43 Ring Archer Armor
44:42 Town Watch
45:59 Timurid Siegecraft
47:53 Siege Engineers
49:56 Bloodlines
59:06 Light Cavalry
59:53 Scale Barding Armor
59:59 Forging
61:03 Chain Barding Armor
63:52 Plate Barding Armor
66:10 Hussar
70:44 Iron Casting
71:51 Caravan
71:51 Caravan
78:56 Blast Furnace
Golozo
7:15 Loom
9:32 Feudal Age
10:13 Double-Bit Axe
11:27 Horse Collar
22:11 Castle Age
22:50 Gold Mining
23:21 Bow Saw
26:39 Wheelbarrow
31:13 Hand Cart
31:16 Town Watch
36:59 Bloodlines
36:49 Husbandry
37:25 Bloodlines
37:15 Husbandry
37:33 Caravan
40:28 Imperial Age
38:16 Corvinian Army
39:36 Scale Barding Armor
41:19 Fletching
41:55 Ballistics
42:43 Conscription
42:48 Bodkin Arrow
44:04 Chemistry
44:39 Elite Magyar Huszar
45:43 Chain Barding Armor
46:51 Bracer
47:27 Plate Barding Armor
47:28 Masonry
47:38 Padded Archer Armor
48:27 Recurve Bow
49:14 Parthian Tactics
50:50 Heavy Cavalry Archer
52:23 Hoardings
51:14 Capped Ram
54:14 Thumb Ring
53:40 Light Cavalry
54:59 Hussar
56:00 Leather Archer Armor
64:12 Elite Skirmisher
65:24 Ring Archer Armor
64:58 Pikeman
81:16 Cavalier
82:47 Paladin
Connection lost

Rejoining the realm…

Still unreachable

The connection could not be restored.

Session expired

The server has moved on; the page needs a fresh start.